[Event "12th National Amateur Chess-ch 2025"]
[Site "Bihar"]
[Date "2025.03.26"]
[Round "2.12"]
[White "Avinash Kumar Yadav"]
[Black "Tejas Shandilya"]
[Result "0-1"]
[Annotator "NA RC"]
[ECO "B56"]
[WhiteElo "1547"]
[BlackElo "1675"]
[PlyCount "76"]
[EventDate "2025.03.25"]
[EventCountry "IND"]
[SourceTitle "playchess.com"]
[Source "ChessBase"]
[SourceQuality "1"]
[TimeControl "5400+30"]

1. e4 c5 2. Nf3 Nc6 3. d4 cxd4 4. Nxd4 Nf6 5. Nc3 d6 6. Bb5 Bd7 7. Be3 g6 8. f3 Bg7 9. Qd2 a6 10. Bc4 Rc8 11. Bb3 b5 12. O-O-O Na5 13. Bh6 Nxb3+ 14. axb3 O-O 15. Bxg7 Kxg7 16. Rhe1 Qa5 17. e5 Nd5 18. Ndxb5 Nb4 19. Na3 Rxc3 20. Qd4 Rxc2+ 21. Nxc2 Nxc2 22. Kxc2 Bf5+ 23. Re4 Rc8+ 24. Kb1 dxe5 25. Qd2 Qb6 26. Ka2 Bxe4 27. fxe4 Rc5 28. b4 Rb5 29. Qc3 a5 30. Rd5 Rxd5 31. exd5 Qxb4 32. Qxb4 axb4 33. Kb3 e4 34. Kxb4 Kf6 35. Kc4 Ke5 36. g3 f5 37. b3 g5 38. b4 e3 0-1

[Event "12th National Amateur Chess-ch 2025"]
[Site "Bihar"]
[Date "2025.03.26"]
[Round "2.13"]
[White "Chinnam Vyshnavi"]
[Black "Bristy Mukherjee"]
[Result "0-1"]
[Annotator "TA"]
[ECO "B00"]
[WhiteElo "1793"]
[BlackElo "1985"]
[PlyCount "116"]
[EventDate "2025.03.25"]
[EventCountry "IND"]
[SourceTitle "playchess.com"]
[Source "ChessBase"]
[SourceQuality "1"]
[TimeControl "5400+30"]

1. e4 b6 2. d4 Bb7 3. Bd3 e6 4. Nf3 c5 5. d5 exd5 6. exd5 {[%emt 0:00:11] B00: Queen's Fianchetto Defence, Nimzowitsch Defence.} Bxd5 7. Nc3 Be6 8. Bf4 {[%emt 0:02:07][%mdl 1024] White is slightly better. White has compensation.} Nf6 9. Nb5 {[%emt 0:02:57] [#]} d6 (9... Nd5 $14 10. Bg5 Nf6) 10. Ng5 $146 {[%emt 0:01:16] And now Qe2 would win.} (10. Nxd6+ Bxd6 11. Bxd6 Qxd6 12. Bb5+ Ke7 13. Qe2 Rd8 14. Ne5 a6 15. Bd3 Nc6 16. f4 {0-1 Mohota,N (2197)-Bristy,M (1817) IND-ch (Women) 48th 2022 (3)}) 10... a6 11. Qf3 Bd5 {[%emt 0:06:43] [#]} 12. Ne4 axb5 $16 13. Nxf6+ Qxf6 14. Bxb5+ (14. Qxd5 {simplifies} Qe6+ 15. Qxe6+ fxe6 16. Bxb5+ Kd8 17. Bc4) 14... Kd8 15. Qxd5 Qe6+ {[%emt 0:00:25] Black is weak on the light squares} 16. Qxe6 fxe6 17. a3 Kc7 18. O-O-O Nc6 19. c3 Be7 20. h4 Rhf8 21. g3 Ra5 22. a4 (22. Bc4 $14) 22... Raa8 23. Rhe1 e5 24. Be3 Rfd8 25. f4 Bf6 26. fxe5 Bxe5 27. Bf4 Rf8 28. Bxc6 Bxf4+ 29. gxf4 Kxc6 $11 {[%emt 0:00:10][%mdl 4096] Endgame KRR-KRR} 30. Re6 Rad8 31. Rf1 Rd7 (31... Rde8 32. Rxe8 Rxe8 33. h5 $17) 32. Kd2 Kd5 33. Re3 Rdf7 34. Ref3 c4 35. R1f2 ({White should try} 35. f5 $15) 35... Ra8 36. b3 $2 cxb3 $19 37. Rd3+ (37. c4+ $142 Kxc4 38. Rc3+ Kb4 39. Rff3 Rxa4 40. Rxb3+ Ka5 (40... Kc5 $2 41. Rfc3+ Rc4 42. Rxc4+ Kxc4 43. Rxb6 $19) 41. Rfd3 Rfxf4 42. Rd5+ Ka6 43. Rdb5) 37... Kc5 38. Rd4 b5 39. axb5 (39. a5) 39... Ra2+ 40. Ke3 Rxf2 ({Less strong is} 40... Kxb5 41. Rb4+ Kc5 42. Rxa2 bxa2 (42... Re7+ 43. Kd3 $11) 43. Ra4 $11) 41. Kxf2 {[%emt 0:00:05] KR-KR} b2 (41... Kxb5 42. Rb4+ Kc6 43. Rc4+ (43. Kg3 $2 Rb7 $19) 43... Kb6 44. Rb4+ Ka7 45. Rxb3 $17) 42. Rd1 Rxf4+ (42... Kxb5 $2 43. Rb1 $19) (42... Kc4 $142 43. Ke3 Rf5 (43... Kxb5 44. Rb1 $17) (43... Kxc3 $2 44. Rd3+ Kb4 45. Rd1 $19)) 43. Kg3 Rc4 (43... Ra4 $142 44. Rb1 Ra2 (44... Kxb5 45. Rxb2+ Kc6 46. Rf2 $17)) 44. b6 Rxc3+ {[%emt 0:00:08] Black mates.} 45. Kg4 Rb3 46. Rb1 Rxb6 47. Kg5 Kc4 48. h5 Kc3 49. h6 Rb5+ 50. Kh4 gxh6 51. Kh3 Kc2 52. Rg1 Rh5+ 53. Kg3 Rg5+ 54. Kh4 Rxg1 55. Kh5 b1=Q 56. Kxh6 Qb2 57. Kh5 Qg7 58. Kh4 Qg4# {[%emt 0:00:05] Black used his chance.   Weighted Error Value: White=0.65/Black=0.38  Mistake:       	White=6     	Black=1      Inaccurate:     	White=6     	Black=4      OK:         	White=10    	Black=12     Best:        	White=3     	Black=7} 0-1

[Event "12th National Amateur Chess-ch 2025"]
[Site "Bihar"]
[Date "2025.03.26"]
[Round "2.14"]
[White "Nivedita V C"]
[Black "Theephigaa K P"]
[Result "1-0"]
[Annotator "TA"]
[ECO "E09"]
[WhiteElo "1950"]
[BlackElo "1792"]
[PlyCount "99"]
[EventDate "2025.03.25"]
[EventCountry "IND"]
[SourceTitle "playchess.com"]
[Source "ChessBase"]
[SourceQuality "1"]
[TimeControl "5400+30"]

1. d4 d5 2. Nf3 Nf6 3. g3 e6 4. Bg2 Be7 5. c4 O-O 6. O-O Nbd7 7. Nbd2 c6 8. Qc2 b6 9. e4 dxc4 10. Nxc4 Bb7 11. Rd1 {[%emt 0:05:11] 11.Bf4 gains popularity.} c5 12. Ng5 {[%emt 0:02:06] [#] E09: Closed Catalan: Main Line: 7 Qc2 c6 8 Nbd2.} h6 13. e5 $1 Bxg2 14. exf6 {[%emt 0:01:33] The position is equal.} Nxf6 15. Kxg2 hxg5 16. dxc5 Nd5 17. cxb6 axb6 18. Ne3 Ra5 19. Qb3 Nxe3+ $146 ({Predecessor:} 19... Qa8 20. Nxd5 Rd8 21. Be3 Raxd5 22. Rxd5 Rxd5 23. Kg1 b5 24. Rc1 Bf6 25. Rc5 Rxc5 26. Bxc5 {½-½ Szotkowski,J (2366)-Kubicka,A (2210) Warsaw op-A 2021 (4)}) 20. Bxe3 Qa8+ 21. Kg1 Ra6 22. a3 (22. Bxb6 $2 Rb8 23. Rd7 Raxb6 $19 (23... Rbxb6 $2 24. Qd1 $19)) 22... Rd8 23. Qb5 (23. Bxb6 $2 Rb8 24. Qe3 Raxb6 $19 (24... Rbxb6 $2 25. b3 $19)) (23. Rxd8+ $14 Bxd8 24. Qb5) 23... Re8 24. Rac1 (24. Bxb6 Rb8 25. Qd7 Rb7 $17) (24. Bxg5 $2 Ra5 25. Qxb6 Bxg5 $19 (25... Rxg5 $2 26. Rac1 $19)) 24... Bf6 25. Rd7 (25. Bxg5 $2 Ra5 26. Qxb6 Bxg5 $19 (26... Rxg5 $2 27. Rd7 $19)) (25. Bxb6 Rb8 26. Rd6 Be7 $17) 25... Rc8 (25... Ra5 $14 26. Qb3 (26. Qxb6 Rb8 $11) 26... g4) 26. Rcc7 $16 {[%emt 0:02:37] White has more active pieces.} (26. Bxg5 $2 Ra5 27. Rxc8+ Qxc8 28. Qxb6 Rxg5 $19) 26... Rxc7 27. Rxc7 {[%emt 0:00:03][%cal Ob5d7] White plays on the queen side and is better} Ra5 28. Qd7 {[%emt 0:01:25] [#] and Rc8+ should not be overlooked} ({Not} 28. Qxb6 Bd8 29. h3 Bxc7 30. Qxc7 Rd5 $17) 28... Qf8 {[%emt 0:00:26][%mdl 8192] Black cannot hold the game after this.} (28... Qf3 $16) 29. Rc8 $18 ({Less strong is} 29. Bxb6 Rd5 30. Qc6 Qd6 $16) 29... Rd5 30. Rxf8+ Kxf8 31. Qc8+ Rd8 32. Qc7 b5 33. Qc5+ Kg8 34. Qxb5 Rd1+ 35. Kg2 Rd5 36. Qe8+ Kh7 37. Qxf7 Bxb2 38. Qxe6 Re5 39. Qd6 Ra5 40. Qb6 Rxa3 41. Qxb2 Ra6 42. Qc2+ {[%emt 0:00:07] White mates.} Kh6 43. h4 Rg6 44. hxg5+ Kh7 45. Bd4 Kg8 46. Qxg6 Kf8 47. Bc5+ Kg8 48. Bb4 Kh8 49. Bc3 Kg8 50. Qxg7# {[%emt 0:00:05] Weighted Error Value: White=0.09 (flawless) /Black=0.70  Loses game:     	---       	Black=1      Mistake:       	White=1     	Black=1      Inaccurate:     	---       	Black=5      OK:         	White=8     	Black=5      Best:        	White=3     	Black=2      Strong:       	White=1     	---} 1-0

[Event "12th National Amateur Chess-ch 2025"]
[Site "Bihar"]
[Date "2025.03.26"]
[Round "2.15"]
[White "Aamuktha Guntaka"]
[Black "Vakcheri Mohitha"]
[Result "1-0"]
[Annotator "TA"]
[ECO "C01"]
[WhiteElo "1910"]
[BlackElo "1778"]
[PlyCount "119"]
[EventDate "2025.03.25"]
[EventCountry "IND"]
[SourceTitle "playchess.com"]
[Source "ChessBase"]
[SourceQuality "1"]
[TimeControl "5400+30"]

1. e4 e6 2. d4 d5 3. Bd3 dxe4 4. Bxe4 Nf6 5. Bf3 Be7 6. Ne2 {[%emt 0:00:33] C01: French: Exchange Variation.} O-O 7. O-O c5 8. Nbc3 {The position is equal.} a6 9. Bf4 Nbd7 10. dxc5 $146 (10. Re1 Re8 11. Qd3 Nb6 12. dxc5 Qxd3 13. cxd3 Bxc5 14. Rac1 Be7 15. Nd4 Kf8 16. Bc7 {½-½ Koykka,P (2382)-Henderson de la Fuente,L (2463) Pardubice Czech op-A 29th 2018 (5)}) 10... e5 11. c6 bxc6 12. Bxc6 Rb8 {[%emt 0:00:07] Black sacrificed a pawn} 13. Bc1 Qc7 14. Bf3 Nc5 15. Ng3 Rd8 16. Qe1 Ne6 {[%emt 0:03:56] Prevents Bg5} 17. Nge4 $1 Nxe4 18. Bxe4 Nd4 19. Rb1 Be6 {[%emt 0:00:54] Prevents Nd5.} 20. Bd3 f5 {[%emt 0:15:43] White should prevent ...e4.} 21. f3 f4 22. Bd2 Bf5 23. Bxf5 Nxf5 24. Ne4 Qxc2 {[%emt 0:08:18][%cal Od8d2] [#] Hoping for ...Rxd2!.} 25. Bc3 Rd5 26. Rf2 Qa4 27. b3 Qd7 28. Rd2 Rd8 29. Rbd1 Qa7+ 30. Kh1 Rxd2 31. Rxd2 Qc7 32. Rxd8+ Bxd8 33. Qd2 $36 {[%emt 0:00:39][%mdl 2048] White has strong initiative.} Bf6 (33... Ne3 $16) 34. Qd5+ $18 Kf8 35. Qa8+ Kf7 36. Qxa6 Qd7 {[%emt 0:00:31] ( -> ...Qd1+)} 37. Qc4+ Kg6 (37... Qe6 $142 38. Qd3 g5) 38. Qe2 Ne3 39. Bd2 Qd4 40. Bxe3 fxe3 $16 {[%emt 0:00:16][%mdl 4096] Endgame KQB-KQN. White is a pawn up.} 41. g3 Be7 (41... Bd8 $16 42. Kg2 h5) 42. Qc2 $18 Kf7 43. Kg2 Bb4 44. Kf1 Qa1+ {[%emt 0:00:25] [#]} 45. Ke2 $1 {[%emt 0:00:31] Threatens to win with Qc4+.} Qe1+ 46. Kd3 Bd2 $2 (46... h6 $18 47. g4 Kg6) 47. Qc7+ Kf8 48. Qd6+ (48. Qxe5 Qf1+ 49. Kc2 (49. Kd4 $2 Qa1+ 50. Kd5 Qxe5+ 51. Kxe5 e2 $19) 49... Qc1+ 50. Kd3 Qf1+ 51. Kc2 Qc1+ 52. Kd3 Qf1+ $11) (48. Qd8+ $142 Kf7 49. Qd7+ Kf8 50. Ng5 Qb1+ 51. Kc4 Qc2+ 52. Kb5) 48... Kg8 49. Qd8+ (49. Qxe5 Qf1+ 50. Kc2 (50. Kd4 $2 Qa1+ 51. Kd5 Qxe5+ 52. Kxe5 e2 $19) 50... Qc1+ 51. Kd3 Qf1+ 52. Kc2 Qc1+ 53. Kd3 Qf1+ $11) 49... Kf7 50. Qd7+ Kf8 51. Qd6+ (51. Nd6 $142 Qb1+ 52. Kc4 Qc2+ 53. Kb5 Qd3+ 54. Kb6 Qd4+ 55. Ka6 Qd3+ 56. Kb7 Qd5+ 57. Kb8) 51... Kg8 52. Qe6+ (52. Qxe5 Qf1+ 53. Kc2 (53. Kd4 $2 Qa1+ 54. Kd5 Qxe5+ 55. Kxe5 e2 $19) 53... Qc1+ 54. Kd3 Qf1+ 55. Kc2 Qc1+ 56. Kd3 Qf1+ $11) 52... Kf8 53. Nd6 ({Weaker is} 53. Qxe5 Qf1+ 54. Kc2 (54. Kd4 $2 Qa1+ 55. Kd5 Qxe5+ 56. Kxe5 e2 $19) 54... Qc1+ 55. Kd3 Qf1+ 56. Kc2 Qc1+ 57. Kd3 Qf1+ $11) 53... Qb1+ 54. Ke2 Qe1+ 55. Kd3 {[%emt 0:00:02][%csl Gd6][%cal Re6f7] The board is on fire.} Qb1+ 56. Kc4 Qc2+ 57. Kb5 Qd3+ 58. Kb6 Qd4+ 59. Ka6 (59. Kc6 $142 Qxd6+ 60. Qxd6+ Kg8 61. Qe6+ (61. Qxe5 h6 $18) 61... Kf8 62. Kd7 (62. Qxe5 g5 $18) 62... g6 63. Qe7+ (63. Qxe5 Kf7 $18) 63... Kg8 64. Ke8 (64. Qxe5 Bb4 $18)) 59... Qd3+ 60. Kb7 {[%emt 0:00:39] Weighted Error Value: White=0.51/Black=0.41  Mistake:       	---       	Black=4      Inaccurate:     	White=4     	Black=5      OK:         	White=18    	Black=12     Best:        	White=4     	Black=8      Strong:       	White=2     	---} 1-0

[Event "12th National Amateur Chess-ch 2025"]
[Site "Bihar"]
[Date "2025.03.26"]
[Round "2.16"]
[White "Pradiksha P S"]
[Black "Marium Fatima"]
[Result "0-1"]
[Annotator "NA RC"]
[ECO "C11"]
[WhiteElo "1789"]
[BlackElo "1881"]
[PlyCount "130"]
[EventDate "2025.03.25"]
[EventCountry "IND"]
[SourceTitle "playchess.com"]
[Source "ChessBase"]
[SourceQuality "1"]
[TimeControl "5400+30"]

1. e4 e6 2. d4 d5 3. Nc3 Nf6 4. e5 Nfd7 5. f4 c5 6. Nf3 Nc6 7. Be3 a6 8. Qd2 b5 9. dxc5 Bxc5 10. O-O-O Qb6 11. Bg1 O-O 12. Bd3 f6 13. Qe1 f5 14. g4 Nb4 15. gxf5 Nxd3+ 16. Rxd3 Rxf5 17. Qg3 Nf8 18. Nh4 Rf7 19. f5 Bxg1 20. Rxg1 exf5 21. Nxd5 Qh6+ 22. Kb1 f4 23. Qg2 Rb8 24. Nf3 Bf5 25. Nf6+ Kh8 26. Rd6 Ne6 27. Ng4 Qh5 28. Nf2 Rc7 29. Nd3 Re8 30. Qf2 Rec8 31. Nd4 Bxd3 32. cxd3 Nc5 33. Nf3 Qf5 34. Qd4 Nb7 35. Rd5 Qg4 36. Qf2 Qe6 37. Qd4 Qc6 38. a3 a5 39. Ng5 Qc2+ 40. Ka1 b4 41. Qe4 g6 42. e6 b3 43. Nf7+ Rxf7 44. Qe5+ Rg7 45. Rb1 Qc7 46. Qd4 Rd8 47. Re1 Rxd5 48. Qxd5 a4 49. Qd4 Qd6 50. Qxg7+ Kxg7 51. e7 f3 52. e8=Q f2 53. Re7+ Kh6 54. Qf8+ Kg5 55. h4+ Kg4 56. Qc8+ Kg3 57. Re3+ Kf4 58. Re4+ Kg3 59. Qg4+ Kh2 60. Rf4 Qc5 61. Qd1 Qe3 62. Re4 Qg3 63. h5 g5 64. Re2 Qg1 65. Rd2 Kg2 0-1

[Event "12th National Amateur Chess-ch 2025"]
[Site "Bihar"]
[Date "2025.03.26"]
[Round "2.17"]
[White "Hunsika M"]
[Black "Aayusree Sarkar"]
[Result "0-1"]
[Annotator "NA RC"]
[ECO "A84"]
[WhiteElo "1520"]
[BlackElo "1677"]
[PlyCount "110"]
[EventDate "2025.03.25"]
[EventCountry "IND"]
[SourceTitle "playchess.com"]
[Source "ChessBase"]
[SourceQuality "1"]
[TimeControl "5400+30"]

1. d4 d5 2. c4 e6 3. Nc3 f5 4. Nf3 Nf6 5. Bg5 c6 6. cxd5 exd5 7. e3 Be7 8. Ne5 O-O 9. Bd3 Ne4 10. Bxe7 Qxe7 11. Qb3 Kh8 12. a3 Nd7 13. Nf3 f4 14. Qb4 Qe8 15. Bxe4 dxe4 16. Ne5 a5 17. Qc4 Nxe5 18. dxe5 fxe3 19. fxe3 Qxe5 20. Qxe4 Qh5 21. Rf1 Re8 22. h3 Bxh3 23. Qf4 Bxg2 24. Rg1 Qf3 25. Qxf3 Bxf3 26. Kf2 Bh5 27. Rh1 Rf8+ 28. Ke1 g6 29. e4 Rae8 30. Rh4 Bf3 31. Kd2 g5 32. Rh2 Bxe4 33. Nxe4 Rxe4 34. Rah1 Rd8+ 35. Kc1 Rd7 36. Rh5 Rg7 37. Rf1 Re8 38. Rg1 g4 39. Rh4 g3 40. Rg2 Rf8 41. Rh3 Rf3 42. Kb1 Rg5 43. Ka2 h5 44. Rd2 Rf8 45. Rg2 Rf3 46. Rd2 Kg7 47. Rg2 Kg6 48. Ka1 Rg4 49. Ka2 h4 50. Ka1 Rf1+ 51. Ka2 Kg5 52. Kb3 Rf3+ 53. Ka2 Rf2 54. Rxf2 gxf2 55. Rf3 Rf4 0-1

[Event "12th National Amateur Chess-ch 2025"]
[Site "Bihar"]
[Date "2025.03.26"]
[Round "2.18"]
[White "Vaishnavi Radhakrishnan"]
[Black "Kiran Kumari"]
[Result "1-0"]
[Annotator "NA RC"]
[ECO "B13"]
[WhiteElo "1658"]
[BlackElo "1520"]
[PlyCount "71"]
[EventDate "2025.03.25"]
[EventCountry "IND"]
[SourceTitle "playchess.com"]
[Source "ChessBase"]
[SourceQuality "1"]
[TimeControl "5400+30"]

1. e4 c6 2. d4 d5 3. exd5 cxd5 4. Nf3 e6 5. Bd3 h6 6. Nc3 Nc6 7. O-O Nf6 8. a3 Bd6 9. b4 a6 10. Bb2 Qc7 11. h3 g5 12. Re1 g4 13. hxg4 Ne7 14. Ne5 Rg8 15. Be2 Nc6 16. Bf3 Nd7 17. Nxd5 Qd8 18. Nxd7 Bxd7 19. c4 Be7 20. Nxe7 Nxe7 21. d5 Ng6 22. dxe6 fxe6 23. Bxb7 Ra7 24. Bd5 Nf4 25. g3 Nxd5 26. Qxd5 Rg5 27. Qd4 Qa8 28. Qh8+ Kf7 29. Qh7+ Ke8 30. Bf6 Bc8 31. Qh8+ Kf7 32. Bxg5 hxg5 33. Rad1 Re7 34. Rd8 Qb7 35. Rf8+ Kg6 36. Rf6# 1-0

[Event "12th National Amateur Chess-ch 2025"]
[Site "Bihar"]
[Date "2025.03.26"]
[Round "2.19"]
[White "Hiya Garg"]
[Black "Disha U A"]
[Result "0-1"]
[Annotator "NA RC"]
[ECO "A08"]
[WhiteElo "1518"]
[BlackElo "1643"]
[PlyCount "92"]
[EventDate "2025.03.25"]
[EventCountry "IND"]
[SourceTitle "playchess.com"]
[Source "ChessBase"]
[SourceQuality "1"]
[TimeControl "5400+30"]

1. Nf3 d5 2. g3 c5 3. Bg2 Nc6 4. O-O Nf6 5. d3 e5 6. Nbd2 Bd6 7. e4 d4 8. Nc4 Bc7 9. a4 O-O 10. Ng5 h6 11. Nh3 Be6 12. f4 Nxe4 13. Nxe5 Nxe5 14. dxe4 Bg4 15. Qe1 Ba5 16. Qf2 Qd7 17. fxe5 Bxh3 18. Bxh3 Qxh3 19. Ra3 Qe6 20. Rf3 Rad8 21. Rf5 Rd7 22. Qf3 Bd8 23. h4 g6 24. Rf6 Bxf6 25. exf6 Re8 26. Re1 Rd6 27. e5 Rd5 28. Bf4 c4 29. h5 g5 30. Kh2 Kh8 31. g4 Rg8 32. Bg3 d3 33. Qe4 dxc2 34. Rc1 Rd2+ 35. Kh3 Rgd8 36. Rxc2 R8d4 37. Qf5 Qxf5 38. gxf5 Rxc2 39. e6 fxe6 40. fxe6 Kg8 41. Be5 Rd3+ 42. Kg4 Re2 43. f7+ Kf8 44. Kf5 Rf3+ 45. Kg6 Rxe5 46. Kxh6 Rf6+ 0-1

[Event "12th National Amateur Chess-ch 2025"]
[Site "Bihar"]
[Date "2025.03.26"]
[Round "2.20"]
[White "Kashvy Sabharwal"]
[Black "Adiba Ullah"]
[Result "1-0"]
[Annotator "NA RC"]
[ECO "D02"]
[WhiteElo "1640"]
[BlackElo "1511"]
[PlyCount "45"]
[EventDate "2025.03.25"]
[EventCountry "IND"]
[SourceTitle "playchess.com"]
[Source "ChessBase"]
[SourceQuality "1"]
[TimeControl "5400+30"]

1. d4 Nf6 2. Bf4 d5 3. Nf3 Bf5 4. e3 e6 5. Bd3 Bg6 6. Ne5 Be4 7. f3 Bg6 8. c4 dxc4 9. Bxc4 Nd5 10. Bxd5 Qxd5 11. Nc3 Qa5 12. Qb3 Qb6 13. d5 Qxb3 14. axb3 Bc2 15. Nb5 Bb4+ 16. Kf2 Bd6 17. Rhc1 Bxb3 18. Nxd6+ cxd6 19. Rc8+ Ke7 20. Rxh8 dxe5 21. Bxe5 f6 22. Rxb8 Rxb8 23. Bxb8 1-0